 Dungeon Crawl Stone Soup version 0.20-a0-4-gd166d5d (webtiles) character file.

61 Kaname the Stinger (level 3, -2/24 HPs)
             Began as a Demonspawn Venom Mage on Oct 31, 2016.
             Slain by an adder skeleton (4 damage)
             ... on level 2 of the Dungeon.
             The game lasted 00:05:05 (1730 turns).

Kaname the Stinger (Demonspawn Venom Mage)          Turns: 1730, Time: 00:05:05

Health: -2/24      AC:  2    Str:  8    XL:     3   Next: 83%
Magic:  6/6        EV: 12    Int: 17    God:
Gold:   27         SH:  0    Dex: 13    Spells: 1 memorised, 5 levels left

rFire  . . .     SeeInvis .     m - +0 rapier
rCold  . . .     Gourm    .     a - +0 robe
rNeg   . . .     Faith    .     (no shield)
rPois  .         Spirit   .     (no helmet)
rElec  .         Reflect  .     (no cloak)
rCorr  .         Harm     .     (no gloves)
MR     .....                    (no boots)
Stlth  ++........               (no amulet)
                                (no ring)
                                (no ring)

@: about to teleport, starving
A: claws 2
a: no special abilities


You were on level 2 of the Dungeon.
You were starving.

You visited 1 branch of the dungeon, and saw 2 of its levels.

You collected 27 gold pieces.

Inventory:

Hand Weapons
 m - a +0 rapier (weapon)
Missiles
 h - 3 javelins (quivered)
Armour
 a - a +0 robe (worn)
 k - a +1 ring mail of poison resistance
Scrolls
 e - a scroll of remove curse
 j - a scroll of random uselessness {unknown}
Books
 b - a Young Poisoner's Handbook

   Spells                             Type                      Level
   a - Sting                          Conjuration/Poison           1
   b - Mephitic Cloud                 Conjuration/Poison/Air       3
   c - Olgreb's Toxic Radiance        Poison                       4
   d - Alistair's Intoxication        Transmutation/Poison         5
   e - Venom Bolt                     Conjuration/Poison           5
Comestibles
 c - a bread ration


   Skills:
 - Level 1.7 Dodging
 - Level 1.7 Stealth
 - Level 2.0 Spellcasting
 + Level 3.5 Conjurations
 - Level 4.0 Poison Magic


You had 5 spell levels left.
You knew the following spells:

 Your Spells              Type           Power        Failure   Level  Hunger
a - Sting                 Conj/Pois      ##..         4%          1    #......


Dungeon Overview and Level Annotations

Branches:
Dungeon (2/15)

Altars:


Innate Abilities, Weirdness & Mutations

You have very sharp fingernails.


Message History

You barely miss the adder skeleton.
The adder skeleton is heavily damaged.
The adder skeleton bites you.
* * * LOW HITPOINT WARNING * * *
You aren't carrying any potions.
As you read the scroll labeled ZIF XUEBEJISUA, it crumbles to dust.
You feel blessed for a moment.
It was a scroll of remove curse.
The adder skeleton closely misses you.
Press: ? - help, v - describe, . - travel
Here: an adder skeleton (heavily damaged)
The floor, spattered with blood.
Unknown command.
As you read the scroll labeled IGUWEZADUGG, it crumbles to dust.
The scroll dissolves into smoke.
It was a scroll of fog.
The adder skeleton bites you.
* * * LOW HITPOINT WARNING * * *
As you read the scroll labeled UMUAMEI BAEFI, it crumbles to dust.
You feel strangely unstable.
It was a scroll of teleportation.
The adder skeleton bites you.
You die...

#>........# #.#
#.........# #.#
#.........# # #.#
#.........# #.#.#
#.S.......# #..<#
#. #.# ###.#
#..#§# #.# #..#Z#
#.# #..#@# #.#
#.#§# #.#
.######.§§# ..#
..........#######
###
..........>.......
#..........#######
#..........#
#..........#####
#..............#


You could see an adder skeleton.

Vanquished Creatures
  2 adders (D:2)
  An adder zombie (D:2)
  An adder skeleton (D:2)
  2 dart slugs (D:1)
  2 bats (D:1)
  A bat skeleton (D:2)
  A bat zombie (D:2)
  A giant cockroach (D:2)
  3 goblins (D:1)
  4 hobgoblins (D:1)
  4 jackals (D:1)
  2 frilled lizards (D:1)
  2 kobolds
  5 rats (D:1)
31 creatures vanquished.

Notes
Turn   | Place    | Note
-------+----------+-------------------------------------------
     0 | D:1      | Kaname the Demonspawn Venom Mage began the quest for the Orb.
     0 | D:1      | Reached XP level 1. HP: 13/13 MP: 3/3
   116 | D:1      | Reached skill level 1 in Conjurations
   353 | D:1      | Gained mutation: You have sharp fingernails. [demonic ancestry]
   353 | D:1      | Reached XP level 2. HP: 19/19 MP: 1/5
   886 | D:1      | Gained mutation: You have very sharp fingernails. [demonic ancestry]
   886 | D:1      | Reached XP level 3. HP: 21/24 MP: 3/6
  1730 | D:2      | Slain by an adder skeleton

Vault maps used:
D:1:      zelgadis_glass_arrival_small, minmay_misc_feat_rows, minmay_tripent
D:2:      serial_undead, serial_undead_b, serial_undead_f, serial_undead_f,
          serial_undead_a, serial_undead_a, serial_undead_d

Skill      XL: |  1  2  3 |
---------------+----------+-----
Conjurations   | 1 2 3 |  3.5
Dodging        | |  1.7
Stealth        | |  1.7
Spellcasting   | |  2.0
Poison Magic   | |  4.0

Action                   || total
-------------------------++-------
Melee: Unarmed           ||    22
       Dagger            ||    13
       Rapier            ||    67
 Cast: Sting             ||    36
  Use: Potion            ||     4
       Scroll            ||     3
  Eat: Chunk             ||     1
Armor: Robe              ||    37
Dodge: Dodged            ||   112
